 Dungeon Crawl Stone Soup version 0.17.1-2-g5865329 (webtiles) character file.

23 Gottschkopf the Ruffian (level 2, -8/23 HPs)
             Began as a Draconian Transmuter on Feb 3, 2016.
             Mangled by a gnoll
             ... wielding a +0 halberd
              (15 damage)
             ... on level 2 of the Dungeon.
             The game lasted 00:05:03 (998 turns).

Gottschkopf the Ruffian (Draconian Transmuter)       Turns: 998, Time: 00:05:04

Health: -8/23      AC:  4    Str: 12    XL:     2   Next: 75%
Magic:  4/5        EV: 12    Int: 13    God:
Gold:   50         SH:  0    Dex: 11    Spells: 2 memorised, 2 levels left

rFire  . . .     SeeInvis .       - Unarmed
rCold  . . .     Clarity  .     (armour unavailable)
rNeg   . . .     SustAt   .     (no shield)
rPois  .         Gourm    .     (helmet restricted)
rElec  .         Spirit   .     (no cloak)
rCorr  .         Warding  .     (no gloves)
rMut   .         Stasis   .     (boots currently unavailable)
MR     .....                    (no amulet)
Stlth  +.........               (no ring)
                                (no ring)

@: appendage, not resistant to hostile enchantments, very unstealthy
A: unfitting armour, talons 3, cold-blooded, AC +4
a: End Transformation


You were on level 2 of the Dungeon.
You were not hungry.
You had grown temporary talons.
You visited 1 branch of the dungeon, and saw 2 of its levels.

You collected 50 gold pieces.

Inventory:

Missiles
 a - 12 arrows
Scrolls
 d - a scroll of teleportation {unknown}
 f - 2 scrolls of immolation {unknown}
 h - a scroll of enchant armour {unknown}
 i - a scroll of noise {unknown}
 k - a scroll of amnesia {unknown}
 l - a scroll of blinking {unknown}
 m - a scroll of magic mapping {unknown}
Potions
 e - 2 potions of curing {unknown}
 g - a potion of cancellation {unknown}
Books
 b - a book of Changes

   Spells                             Type                      Level
   a - Beastly Appendage              Transmutation                1
   b - Sticks to Snakes               Transmutation                2
   c - Spider Form                    Transmutation/Poison         3
   d - Ice Form                       Ice/Transmutation            4
   e - Blade Hands                    Transmutation                5
Comestibles
 c - a bread ration
 j - a meat ration
 n - 2 chunks of flesh


   Skills:
 + Level 1.1 Fighting
 + Level 2.2 Dodging
 + Level 3.3 Unarmed Combat
 + Level 2.2 Spellcasting
 * Level 2.2 Transmutations


You had 2 spell levels left.
You knew the following spells:

 Your Spells              Type           Power        Failure   Level  Hunger
a - Beastly Appendage     Trmt           #.....       12%         1    ##.....
b - Sticks to Snakes      Trmt           #.........   17%         2    ###....


Dungeon Overview and Level Annotations

Branches:
Dungeon (2/15)

Altars:
Okawaru


Innate Abilities, Weirdness & Mutations

Your plain brown scales are hard (AC +4).
Your body does not fit into most forms of armour.
You are cold-blooded and may be slowed by cold attacks.
You have claws for feet.


Message History

The gnoll closely misses you.
Found a hand axe.
The giant gecko bites you but does no damage.
The giant gecko closely misses you.
Found a glowing spear and 23 stones.
You hit the giant gecko.
The giant gecko is heavily wounded.
The gnoll hits you from afar with a halberd.
The giant gecko barely misses you. The gnoll misses you.
You miss the giant gecko.
The giant gecko is heavily wounded.
The gnoll hits you from afar with a halberd!
The giant gecko bites you.
Casting: Beastly Appendage
Confirm with . or Enter, or press ? or * to list all spells.
Your feet morph into talons.
The gnoll barely misses you.
The giant gecko bites you but does no damage.
The gnoll hits you from afar with a halberd!
Ouch! That really hurt!
You die...

...## ## # ....= .# .
#... #.#.# #... ..#.#
..###..... #.#....#
#############.#...###...
................@l$.....
##############g.#.).).#.
...g##.._..# ###...
.).).# ##..........
##...###..( #... ..#
#... ##


You could see 2 gnolls and a giant gecko.

Vanquished Creatures
  3 giant geckos (D:1)
  4 bats (D:1)
  2 giant cockroaches (D:1)
  3 hobgoblins (D:1)
  A giant newt (D:1)
  A goblin (D:1)
  4 kobolds (D:1)
  5 rats (D:1)
23 creatures vanquished.

Vanquished Creatures (others)
  A plant (D:1)
1 creature vanquished.

Grand Total: 24 creatures vanquished

Notes
Turn   | Place    | Note
--------------------------------------------------------------
     0 | D:1      | Gottschkopf the Draconian Transmuter began the quest for the Orb.
     0 | D:1      | Reached XP level 1. HP: 16/16 MP: 3/3
   306 | D:1      | Reached XP level 2. HP: 23/23 MP: 3/5
   534 | D:1      | Learned a level 2 spell: Sticks to Snakes
   993 | D:2      | Found an iron altar of Okawaru.
   998 | D:2      | Mangled by a gnoll

Action                   || total
-------------------------++-------
Melee: Unarmed           ||   107
 Cast: Beastly Appendage ||    20
  Eat: Chunk             ||     1
